 Dungeon Crawl Stone Soup version 0.22.0-6-g71bd7aa (webtiles) character file.

329 Lew the Skirmisher (level 6, -4/40 HPs)
             Began as a Gargoyle Fighter on Aug 14, 2018.
             Killed by divine providence
             ... invoked by an orc priest
              (13 damage)
             ... on level 3 of the Dungeon.
             The game lasted 00:05:05 (2431 turns).

Lew the Skirmisher (Gargoyle Fighter)               Turns: 2431, Time: 00:05:07

Health: -4/40      AC: 10    Str: 20    XL:     6   Next: 51%
Magic:  6/6        EV:  9    Int:  9    God:
Gold:   69         SH:  9    Dex: 10    Spells: 5/5 levels left

rFire    . . .     SeeInvis .   a - +0 war axe
rCold    . . .     Gourm    .   c - +0 shield
rNeg     + . .     Faith    .   d - +1 troll leather armour {Purgy}
rPois    ∞         Spirit   .   (no helmet)
rElec    +         Reflect  .   (no cloak)
rCorr    .         Harm     .   (no gloves)
MR       .....                  (no boots)
Stlth    +.........             (no amulet)
HPRegen  0.53/turn              (no ring)
MPRegen  0.10/turn              (no ring)

@: no status effects
A: negative energy resistance 1, electricity resistance, unbreathing,
petrification resistance, rot immunity, AC +4
a: no special abilities


You were on level 3 of the Dungeon.
You were not hungry.

You visited 1 branch of the dungeon, and saw 3 of its levels.
You also visited: Sewer.

You collected 69 gold pieces.

Inventory:

Hand Weapons
 a - a +0 war axe (weapon)
Armour
 b - a +0 scale mail
 c - a +0 shield (worn)
 d - a +1 troll leather armour (worn) {Purgy}
Scrolls
 e - a scroll of amnesia
 g - a scroll of fear
 i - a scroll of magic mapping
 k - a scroll of teleportation
Potions
 h - a potion of heal wounds
 m - 2 potions of curing
 n - a potion of might
Comestibles
 f - 4 rations


   Skills:
 + Level 4.8 Fighting
 + Level 3.3 Axes
 + Level 4.8 Armour
 + Level 4.8 Shields


You had 5 spell levels left.
You didn't know any spells.
Your spell library was empty.

Dungeon Overview and Level Annotations

Branches:
Dungeon (3/15)

Altars:
Okawaru


Innate Abilities, Weirdness & Mutations

You are resistant to torment.
Your stone body is resilient. (AC +4)
You are immune to poison.
You resist negative energy. (rN+)
You are resistant to electric shocks. (rElec)
You can survive without breathing.
You are immune to petrification.
You are immune to rotting.


Message History

The orc priest is heavily wounded.
You slash the jackal!
You kill the jackal!
You barely miss the kobold. The kobold barely misses you.
The orc priest closely misses you. You block the kobold's attack.
You barely miss the orc priest.
The orc priest is heavily wounded.
Your shield prevents you from hitting the kobold.
The orc priest mumbles some strange prayers to Beogh against you.
Beogh smites you!
* * * LOW HITPOINT WARNING * * *
You block the kobold's attack.
The orc priest hits you but does no damage.
You hit the orc priest but do no damage.
The orc priest is heavily wounded.
You slash the kobold!
You kill the kobold!
The orc priest invokes the aid of Beogh against you.
Beogh smites you!
You die...

******,*,....###.#,,,,,,,****
*, ,,,,,,,,,,.......#,*****,*
*, *,,,**,,*##......#,*
*,*******,
*,,,**,,*#.......#,***
*,,,,,,,,,
*,,,***.##.....#.#,,,*
**********
*,,,,,,..%..(††#.#,,,* ********
*,,,,,,,,#....)#.#,,,* *,,,,,,*
,,,,,,,,,##+#.)o<#,*###*,,,,,,*
,,,,,,,,,,*,#.##@#....#*,,,,,,*
,,,,,,,,*,*,#.#.††.#*,*,,,,,,,*
,,,,,****,,,#.#....#*,+,,,,,***
,,,,,* **,,#.#....#***,,,,,*
,,,,,* *,,#.#....####.....#
****** *,,#.#.............*
**,,*,.............,*
*,,,,,##+##.......###
*,,,,,*#,**###......#


You could see an orc priest.

Vanquished Creatures
  Purgy (Sewer)
  An orc wizard (D:3)
  3 gnolls (D:2)
  A river rat (D:3)
  7 adders
  2 oozes
  4 worms
  2 dart slugs (D:1)
  A leopard gecko (D:1)
  4 orcs
  6 ball pythons
  11 bats
  2 giant cockroaches
  3 hobgoblins
  12 jackals
  12 frilled lizards
  7 goblins
  5 kobolds
  7 rats
91 creatures vanquished.

Notes
Turn   | Place    | Note
-------+----------+-------------------------------------------
     0 | D:1      | Lew the Gargoyle Fighter began the quest for the Orb.
     0 | D:1      | Reached XP level 1. HP: 14/14 MP: 1/1
     2 | D:1      | Noticed an octopode
     6 | D:1      | Noticed a draconian
     6 | D:1      | Noticed a naga
     8 | D:1      | Noticed a troll
    10 | D:1      | Noticed a vine stalker
    10 | D:1      | Noticed a felid
    12 | D:1      | Noticed a tengu
    12 | D:1      | Noticed a centaur
    14 | D:1      | Noticed a spriggan
    14 | D:1      | Noticed an elf
    16 | D:1      | Noticed a formicid
    16 | D:1      | Noticed a demigod
    18 | D:1      | Noticed a vampire
    18 | D:1      | Noticed a minotaur
    20 | D:1      | Noticed an ogre
    20 | D:1      | Noticed a demonspawn
    22 | D:1      | Noticed a human
    22 | D:1      | Noticed a merfolk
    24 | D:1      | Noticed a dwarf
    24 | D:1      | Noticed a halfling
    26 | D:1      | Noticed a gargoyle
    26 | D:1      | Noticed a ghoul
    87 | D:1      | Reached XP level 2. HP: 13/19 MP: 2/2
   391 | D:1      | Reached XP level 3. HP: 18/23 MP: 3/3
   680 | D:2      | Found an iron altar of Okawaru.
  1129 | D:2      | Reached XP level 4. HP: 29/29 MP: 4/4
  1843 | D:2      | Reached XP level 5. HP: 33/33 MP: 5/5
  1919 | D:3      | Found a glowing drain.
  2029 | Sewer    | Entered a sewer
  2094 | Sewer    | Noticed Purgy
  2118 | Sewer    | Killed Purgy
  2118 | Sewer    | Reached XP level 6. HP: 19/39 MP: 6/6
  2431 | D:3      | Killed from afar by an orc priest

Skill      XL: |  1  2  3  4  5 |
---------------+----------------+-----
Axes           | 2 3 |  3.3
Shields        | 4 |  4.8
Fighting       | 4 |  4.8
Armour         | 4 |  4.8

Action                   |  1- 3 |  4- 6 || total
-------------------------+-------+-------++-------
Melee: War axe           |   129 |   165 ||   294
  Use: Potion            |       |     4 ||     4
       Scroll            |       |     7 ||     7
  Eat: Ration            |     1 |     1 ||     2
Armor: Scale mail        |    85 |   120 ||   205
       Troll leather arm |       |    26 ||    26
Dodge: Dodged            |    49 |    85 ||   134
Block: Shield            |    67 |   123 ||   190
